 Dungeon Crawl Stone Soup version 0.29-a0-284-gf9362112df (webtiles) character file.

Game seed: 7925249817888519126

515 spaghetti the Slasher (level 7, -1/75 HPs)
             Began as a Djinni Berserker on Mar 31, 2022.
             Was a Priest of Trog.
             Slain by an orc wizard
             ... wielding a +0 dagger
              (3 damage)
             ... on level 4 of the Dungeon.
             The game lasted 00:05:50 (4824 turns).

spaghetti the Slasher (Djinni Berserker)            Turns: 4824, Time: 00:05:51

Health: -1/75      AC:  5    Str: 16    XL:     7   Next: 44%
Gold:   231        EV: 13    Int:  8    God:    Trog [***...] SH:  3 Dex: 15

rFire   + + .      SeeInvis .   a - +0 falchion {long}
rCold   x . .      Faith    .   k - +0 buckler
rNeg    . . .      Spirit   .   b - +0 animal skin
rPois   ∞          Reflect  .   (no helmet)
rElec   .          Harm     .   (no cloak)
rCorr   .          Rampage  .   f - +2 pair of gloves
Will    .....                   (boots unavailable)
Stlth   ..........              (no amulet)
HPRegen 0.22/turn               (no ring)
MPRegen 0.00/turn               (no ring)

@: berserking, flying, very quick
A: sickness immunity, fire resistance 2, cold vulnerability 1, float, innate
caster, HP casting, extra vitality 1
a: Renounce Religion, Berserk, Trog's Hand


You were on level 4 of the Dungeon.
You worshipped Trog.
Trog was most pleased with you.
You visited 1 branch of the dungeon, and saw 4 of its levels.
You also visited: Ossuary.

You collected 231 gold pieces.


Innate Abilities, Weirdness & Mutations

You are immune to sickness and miasma.
You are immune to poison.
Your flesh is very heat resistant. (rF++)
You are vulnerable to cold. (rC-)
You float through the air rather than walking.
You learn spells naturally, not from books.
Your magical power is your life essence.
You have superior vitality. (+4 MHP)


   Skills:
 - Level 3.0 Fighting
 + Level 5.3 Long Blades
 + Level 2.5 Throwing
 - Level 2.0 Armour
 + Level 5.0 Dodging


You had one spell level left.
You knew the following spells:

 Your Spells              Type           Power      Damage    Failure   Level
a - Pain                  Necr           0%         1d4       52%         1
b - Ensorcelled Hibernat  Hex/Ice        0%         N/A       65%         2
c - Passwall              Tmut/Erth      0%         N/A       65%         2
Your spell library was empty.

Inventory:

Hand Weapons
 a - a +0 falchion (weapon) {long}
 i - a +4 dagger {short}
   (You took it off a goblin on level 1 of the Dungeon)
Missiles
 c - 42 stones (quivered) {throwing}
 o - 14 poisoned darts {throwing}
 C - 3 boomerangs {throwing}
Armour
 b - a +0 animal skin (worn)
 f - a +2 pair of gloves (worn)
   (You found it on level 1 of the Dungeon)
 k - a +0 buckler (worn)
   (You found it on level 2 of the Dungeon)
Wands
 r - a wand of iceblast (7)
   (You found it on level 3 of the Dungeon)
 D - a wand of charming (10)
   (You found it on level 4 of the Dungeon)
Scrolls
 d - a scroll of identify {@r1}
 e - a scroll of noise {!r}
 g - a scroll of silence {!r}
 h - a scroll of enchant armour
 l - 2 scrolls of fear
 n - a scroll of brand weapon
 u - 2 scrolls of teleportation {unknown}
 y - a scroll of blinking {unknown}
 B - a scroll of holy word {unknown}
Potions
 j - a potion of haste {unknown}
 m - a potion of cancellation {unknown}
 p - 4 potions of heal wounds {unknown}
 q - a potion of mutation {unknown}
 s - a potion of resistance {unknown}
 t - 2 potions of curing {@q1}
 v - a potion of invisibility {unknown}
 w - a potion of brilliance {unknown}
 x - a potion of berserk rage {unknown}
 z - a potion of lignification {unknown}
 A - a potion of magic {unknown}

Dungeon Overview and Level Annotations

Branches:
Dungeon (4/15)             Temple (0/1) D:4         Ossuary (visited)

Altars:
Ashenzari

## # #.## ### .##
###..## #.# ##...
###.....####.# ##..#
.........##..# ##..#
#....o.....###...#
#...o@.....#....#
##.){)....).....# ###
#....#..........# #.#
#.(.####..####...####.#
.((.## #..# ##.....<..
.((## #.># ##....####
.. #..####.....# .. .
#..##.......# ......
..## #...........#


You could see an orc wizard and an orc.


Message History

The stone {throwing} hits the orc but does no damage.
Something hits you.
The orc wizard points at you and mumbles some strange words.
You are confused.
You are too injured to fight recklessly!
You are too injured to fight recklessly! 😕 HP[-8]
You take 8 damage, and now have 42/50 hp.
Unknown command.
Unknown command.
You hear some strange, mumbled words.
A magic dart appears from out of thin air!
The magic dart hits you.
Things that are here:
a +0 short sword {short}; a +0 chain mail 😕 HP[-2]
You take 2 damage, and now have 40/50 hp.
You closely miss the orc wizard. Something hits you.
The orc wizard casts a spell at you.
You easily resist. 😮 HP[-3]
You take 3 damage, and now have 37/50 hp.
Unknown command.
Unknown command.
Unknown command.
You miss the orc wizard.
The orc priest hits you with a +0 flail.
You hear some strange, mumbled words.
Something tries to affect you, but you resist.
The orc wizard completely misses you. 😮 HP[-1]
You take 1 damage, and now have 36/50 hp.
The orc priest attacks as you move away!
The orc priest barely misses you. Something hits you but does no damage.
You barely miss something. Something hits you but does no damage.
The orc wizard hits you but does no damage.
Unknown command.
Unknown command.
You bump into the rock wall.
The orc priest hits you with a +0 flail.
Something hits you. The orc hits you with a +0 whip.
The orc wizard points at you and mumbles some strange words.
The puff of flame hits you. You resist. 😮 HP[-9]
You take 9 damage, and now have 27/50 hp.
You feel less confused. 😮 HP[+1] Unknown command.
Unknown command.
You hit the orc.
The orc priest mumbles some strange prayers to Beogh against you.
Beogh smites you!
* * * LOW HITPOINT WARNING * * *
Something hits you.
* * * LOW HITPOINT WARNING * * *
The orc hits you but does no damage.
The orc wizard hits you but does no damage. 😱 HP[-16]
You take 16 damage, and now have 12/50 hp.
MASSIVE DAMAGE!! (PAUSE)
You feel better. The orc priest misses you. Something hits you.
* * * LOW HITPOINT WARNING * * *
You block the orc's attack. The orc wizard casts a spell at you.
The magic dart hits you.
* * * LOW HITPOINT WARNING * * *
A red film seems to cover your vision as you go berserk!
You feel yourself moving faster!
You feel mighty! You block the orc priest's attack. Something hits you.
* * * LOW HITPOINT WARNING * * *
The orc hits you with a +0 whip.
* * * LOW HITPOINT WARNING * * *
The orc wizard barely misses you. 😱 HP[+3]
You now have 75 max hp (+25).
You regained 3 hp, and now have 15/75 hp.
Unknown command.
You slash the orc priest! The orc priest barely misses you. Something hits you.
* * * LOW HITPOINT WARNING * * *
The orc hits you with a +0 whip.
* * * LOW HITPOINT WARNING * * *
The orc wizard closely misses you. 😱 HP[-2]
You take 2 damage, and now have 13/75 hp.
You hit the orc priest.
The orc priest hits you with a +0 flail.
* * * LOW HITPOINT WARNING * * *
Something hits you but does no damage. The orc hits you with a +0 whip.
* * * LOW HITPOINT WARNING * * *
The orc wizard hits you with a +0 dagger.
* * * LOW HITPOINT WARNING * * *
😱 HP[-11]
You take 11 damage, and now have 2/75 hp.
Unknown command.
You slash the orc priest!
You kill the orc priest!
Trog accepts your kill.
Your Dodging skill increases to level 5!
You closely miss the orc wizard. The orc misses you. Something hits you.
You die...

Skill      XL: |  1  2  3  4  5  6  7 |
---------------+----------------------+-----
Long Blades    | 3 4 5 |  5.3
Dodging        | 3 4 5 |  5.0
Throwing       | 1 2 |  2.5
Fighting       | |  3.0
Armour         | |  2.0

Action                   |  1- 3 |  4- 6 |  7- 9 || total
-------------------------+-------+-------+-------++-------
Melee: Falchion          |    77 |   200 |    93 ||   370
Throw: Stone             |    64 |    47 |    55 ||   166
Invok: Berserk           |       |     2 |     3 ||     5
  Use: Scroll            |       |       |     5 ||     5
       Potion            |       |       |     1 ||     1
 Stab: Sleeping          |       |     2 |       ||     2
Armor: Animal skin       |    26 |    38 |    18 ||    82
Dodge: Dodged            |    45 |    94 |    69 ||   208
Block: Buckler           |     7 |    20 |    12 ||    39

Levels and vault maps discovered:
D:1:      tarquinn_simple_flora_water_c, layout_basic,
          shapermc_ecumenical_altar_acropolis, palyth_stone_intersect,
          serial_park_tiny_1
D:2:      layout_loops_corners, chequers_arboretum
D:3:      layout_loops_ring, grunt_ashenzari_visionary
          [grunt_ashenzari_visionary_shoals, grunt_ashenzari_visionary_spider]
D:4:      layout_layer_cave, minmay_temple_entry_junction, enter_ossuary_2

Notes
Turn   | Place    | Note
-------+----------+-------------------------------------------
     0 | D:1      | spaghetti the Djinni Berserker began the quest for the Orb.
     0 | D:1      | Reached XP level 1. HP: 20/20 MP: 0/0
     0 | D:1      | magus.rc [v1.9.6]
   348 | D:1      | Found a faded altar of an unknown god.
   485 | D:1      | Reached skill level 3 in Long Blades
   939 | D:2      | Reached XP level 2. HP: 13/25 MP: 0/0
  1178 | D:2      | Reached XP level 3. HP: 27/30 MP: 0/0
  1178 | D:2      | Learned a level 1 spell: Pain
  1544 | D:2      | Reached skill level 4 in Long Blades
  1544 | D:2      | Reached XP level 4. HP: 30/35 MP: 0/0
  1992 | D:2      | Reached skill level 3 in Dodging
  2197 | D:3      | Reached ** piety under Trog
  2279 | D:3      | Found a broken altar of Ashenzari.
  2283 | D:3      | Saw a vision of the Shoals and the Spider Nest.
  2283 | D:3      | Noticed a scorpion
  2283 | D:3      | Noticed a redback
  2283 | D:3      | Noticed a wolf spider
  2283 | D:3      | Noticed a redback
  2283 | D:3      | Noticed a wolf spider
  2283 | D:3      | Noticed a centaur
  2283 | D:3      | Noticed a merfolk
  2283 | D:3      | Noticed a merfolk
  2283 | D:3      | Noticed a centaur
  2283 | D:3      | Noticed a redback
  2283 | D:3      | Noticed a merfolk
  2285 | D:3      | Noticed a redback
  2285 | D:3      | Noticed a wolf spider
  2285 | D:3      | Noticed a redback
  2368 | D:3      | Reached XP level 5. HP: 36/40 MP: 0/0
  2368 | D:3      | Learned a level 2 spell: Ensorcelled Hibernation
  2732 | D:3      | Got the Volume of Cold {forbidden}
  2923 | D:4      | Noticed a black bear
  2932 | D:4      | Killed a black bear
  2933 | D:4      | Reached skill level 1 in Throwing
  2933 | D:4      | Reached XP level 6. HP: 46/46 MP: 0/0
  3047 | D:4      | Found a sand-covered staircase.
  3052 | Ossuary  | Entered an ossuary
  3121 | Ossuary  | Reached skill level 4 in Dodging
  3326 | Ossuary  | Reached *** piety under Trog
  3467 | Ossuary  | Noticed Menkaure
  3482 | Ossuary  | Killed Menkaure
  3483 | Ossuary  | Reached skill level 5 in Long Blades
  3483 | Ossuary  | Reached skill level 2 in Throwing
  3483 | Ossuary  | Reached XP level 7. HP: 38/50 MP: 0/0
  3483 | Ossuary  | Learned a level 2 spell: Passwall
  3807 | D:4      | Found a staircase to the Ecumenical Temple.
  4818 | D:4      | HP: 12/50 [something (1)]
  4822 | D:4      | HP: 4/75 [orc/+0 whip (3)]
  4824 | D:4      | Reached skill level 5 in Dodging
  4824 | D:4      | Slain by an orc wizard

Vanquished Creatures
  Menkaure (Ossuary)
  A black bear (D:4)
  An orc priest (D:4)
  An iguana (D:4)
  3 mummies (Ossuary)
  13 adders
  2 worms (D:2)
  2 dart slugs (D:2)
  4 orcs (D:4)
  4 ball pythons
  3 bats
  2 endoplasms
  4 goblins
  3 hobgoblins
  2 frilled lizards (D:3)
  6 gnoll skeletons (Ossuary)
  4 gnoll zombies (Ossuary)
  6 goblin skeletons (Ossuary)
  4 goblin zombies (Ossuary)
  4 hobgoblin skeletons (Ossuary)
  2 hobgoblin zombies (Ossuary)
  8 kobolds
  5 kobold skeletons (Ossuary)
  2 kobold zombies (Ossuary)
  3 orc skeletons (Ossuary)
  6 orc zombies (Ossuary)
  6 rats
  A rat skeleton (Ossuary)
  7 rat zombies (Ossuary)
110 creatures vanquished.

Table legend:
 A = Non-vault XP
 B = Vault XP
 C = Vault XP percentage of total XP
 D = Non-vault monster count
 E = Vault monster count
 F = Vault count percentage of total count
                 A         B        C        D         E       F
            +---------+---------+-------+---------+---------+-------
      Total |     460 |     276 |  37.5 |      56 |      54 |  49.1
            +---------+---------+-------+---------+---------+-------
        D:1 |       7 |       0 |   0.0 |       4 |       0 |   0.0
        D:2 |      95 |       0 |   0.0 |      18 |       0 |   0.0
        D:3 |      58 |       0 |   0.0 |      15 |       0 |   0.0
        D:4 |     300 |       0 |   0.0 |      19 |       0 |   0.0
    Ossuary |       0 |     276 | 100.0 |       0 |      54 | 100.0
            +---------+---------+-------+---------+---------+-------

Illustrated notes

Table legend:
 A = Kills in this place as a percentage of kills in entire the game.
 B = Kills by you in this place as a percentage of kills by you in the entire game.
 C = Kills by friends in this place as a percentage of kills by friends in the entire game.
 D = Other kills in this place as a percentage of other kills in the entire game.
 E = Experience gained in this place as a percentage of experience gained in the entire game.
 F = Experience gained in this place divided by the number of levels of this place that you have seen.
                   A       B       C       D       E      F
               +-------+-------+-------+-------+-------+----------------------
         Total | 100.0 | 100.0 |   N/A |   N/A | 100.0 | 147.2
       Dungeon |  50.9 |  50.9 |   N/A |   N/A |  62.5 | 115.0
       Ossuary |  49.1 |  49.1 |   N/A |   N/A |  37.5 | 276.0
               +-------+-------+-------+-------+-------+----------------------

Table legend: (Time is in decaauts)
 A = Elapsed time spent in this place.
 B = Non-inter-level travel time spent in this place.
 C = Inter-level travel time spent in this place.
 D = Time resting spent in this place.
 E = Time spent auto-exploring this place.
 F = Levels seen in this place.
 G = Mean time per level.
                   A        B        C        D        E       F      G
               +--------+--------+--------+--------+--------+-----+--------+
         Total |   4921 |   4781 |    140 |    625 |   3298 |   5 |  984.2 |
       Dungeon |   4181 |   4041 |    140 |    370 |   3095 |   4 | 1045.2 |
       Ossuary |    739 |    739 |      0 |    255 |    203 |   1 |  739.0 |
               +--------+--------+--------+--------+--------+-----+--------+

Top non-repeatable levels by time:
     D:4: 1226 daAuts
     D:2: 1153 daAuts
     D:1: 912 daAuts
     D:3: 889 daAuts
 Ossuary: 739 daAuts
